 Dungeon Sprint DCSS version 0.22.0-21-g8bd1b0a (webtiles) character file.

1600000 poirepourri the Wrestler (level 16, -46/116 HPs)
             Began as a Gargoyle Gladiator on Aug 19, 2018.
             Was a Believer of Makhleb.
             Annihilated by a meat berserker
             ... wielding a +9 battleaxe
              (58 damage)
             ... in the Dungeon (Sprint VIII: "Arena of Blood").
             The game lasted 00:00:15 (16 turns).

poirepourri the Wrestler (Gargoyle Gladiator)         Turns: 16, Time: 00:00:16

Health: -46/116    AC: 16    Str: 19    XL:     16   Next: 44%
Magic:  16/16      EV: 29    Int: 10    God:    Makhleb [**....]
Gold:   0          SH:  0    Dex: 16    Spells: 15/15 levels left

rFire    . . .     SeeInvis .   k - +∞ Axe of Woe
rCold    . . .     Gourm    .   (shield currently unavailable)
rNeg     + . .     Faith    .   a - +0 leather armour
rPois    ∞         Spirit   .   b - +0 helmet
rElec    +         Reflect  .   (no cloak)
rCorr    .         Harm     .   (no gloves)
MR       +....     NoTele   +   (no boots)
Stlth    +.........             (no amulet)
HPRegen  0.29/turn              (no ring)
MPRegen  0.15/turn              (no ring)

@: no status effects
A: big wings, negative energy resistance 1, electricity resistance, unbreathing,
petrification resistance, rot immunity, AC +12
a: Fly, Minor Destruction, Renounce Religion


You were in the Dungeon.
You worshipped Makhleb.
Makhleb was pleased with you.
You were not hungry.

You visited 1 branch

Inventory:

Hand Weapons
 k - the +∞ Axe of Woe (weapon)
   (You found it in the Dungeon)
Missiles
 c - 3 throwing nets (quivered)
Armour
 a - a +0 leather armour (worn)
 b - a +0 helmet (worn)
Scrolls
 j - a scroll of blinking
Potions
 e - a potion of curing
 f - a potion of heal wounds
 g - a potion of haste
 h - 2 potions of magic
 i - a potion of berserk rage
Comestibles
 d - a ration


   Skills:
 + Level 18.6 Fighting
 + Level 12.1 Axes
 + Level 14.9 Throwing
 + Level 2.0 Armour
 + Level 22.6 Dodging
 + Level 26.2 Unarmed Combat


You had 15 spell levels left.
You didn't know any spells.
Your spell library was empty.

Dungeon Overview and Level Annotations

Branches:
Dungeon (1/1)

Altars:
Makhleb


Innate Abilities, Weirdness & Mutations

You are resistant to torment.
Your stone body is resilient. (AC +12)
You are immune to poison.
Your large and strong wings let you fly indefinitely.
You resist negative energy. (rN+)
You are resistant to electric shocks. (rElec)
You can survive without breathing.
You are immune to petrification.
You are immune to rotting.


Message History

Ouch! That really hurt!
* * * LOW HITPOINT WARNING * * *
Items here: ))) === ††† Unknown command.
You slash the meat berserker!
You butcher the meat berserker messily.
You kill the meat berserker!
Makhleb accepts your kill.
You can now harness Makhleb's destructive might.
Your Fighting skill increases to level 18!
Your Axes skill gained 2 levels and is now at level 12!
Your Throwing skill increases to level 14!
Your Armour skill gained 2 levels and is now at level 2!
Your Dodging skill increases to level 22!
Your Unarmed Combat skill gained 2 levels and is now at level 26!
You have reached level 16!
You feel stronger.
You hear a shout! x5
The meat berserker hits you with a +9 battleaxe!!!
Ouch! That really hurt!
You die...

..... .. #...
.# . #.o. ..#
..###... ..###.
......###......
....O_......
#)O...# #_@<._#
#.)...#
....._......
o.....###......
.O###... ..###.
. #... ..# #...
.# ..... ..


You could see 3 meat berserkers and a bag of meat.

Vanquished Creatures
  3 ogres (D)
  2 orcs (D)
5 creatures vanquished.

Notes
Turn   | Place    | Note
-------+----------+-------------------------------------------
     0 | D        | Found the +∞ Axe of Woe
     0 | D        | poirepourri the Gargoyle Gladiator began the quest for the Orb.
     0 | D        | Reached XP level 1. HP: 12/12 MP: 1/1
     2 | D        | Noticed a bag of meat
     4 | D        | Became a worshipper of Makhleb the Destroyer
     6 | D        | Noticed a meat berserker
     6 | D        | Noticed a bag of meat
     7 | D        | Killed a bag of meat
     7 | D        | Reached skill level 15 in Dodging
     7 | D        | Reached skill level 17 in Unarmed Combat
     7 | D        | Reached XP level 2. HP: 29/29 MP: 2/2
     7 | D        | Reached XP level 3. HP: 34/34 MP: 3/3
     7 | D        | Reached XP level 4. HP: 40/40 MP: 4/4
     7 | D        | Reached XP level 5. HP: 44/44 MP: 5/5
     7 | D        | Reached XP level 6. HP: 49/49 MP: 6/6
     7 | D        | Reached XP level 7. HP: 54/54 MP: 7/7
     7 | D        | Reached XP level 8. HP: 60/60 MP: 8/8
     7 | D        | Reached XP level 9. HP: 64/64 MP: 9/9
     7 | D        | Reached XP level 10. HP: 70/70 MP: 10/10
     7 | D        | Reached XP level 11. HP: 75/75 MP: 11/11
     7 | D        | Reached XP level 12. HP: 80/80 MP: 12/12
     8 | D        | Killed a meat berserker
     8 | D        | Reached * piety under Makhleb
     8 | D        | Reached skill level 21 in Unarmed Combat
     8 | D        | Reached XP level 13. HP: 91/91 MP: 13/13
     8 | D        | Gained mutation: Your large and strong wings let you fly indefinitely. [Gargoyle growth]
     8 | D        | Reached XP level 14. HP: 96/96 MP: 14/14
     8 | D        | Noticed a meat berserker
    10 | D        | Killed a bag of meat
    10 | D        | Reached skill level 15 in Fighting
    10 | D        | Reached skill level 22 in Unarmed Combat
    11 | D        | Killed a meat berserker
    11 | D        | Reached skill level 10 in Axes
    11 | D        | Reached skill level 24 in Unarmed Combat
    11 | D        | Reached XP level 15. HP: 71/107 MP: 15/15
    11 | D        | Noticed a meat berserker
    11 | D        | Noticed a meat berserker
    14 | D        | Noticed a meat berserker
    16 | D        | Killed a meat berserker
    16 | D        | Reached ** piety under Makhleb
    16 | D        | Reached skill level 26 in Unarmed Combat
    16 | D        | Reached XP level 16. HP: 12/116 MP: 16/16
    16 | D        | Annihilated by a meat berserker

Skill      XL: |  1  2  3  4  5  6  7  8  9 10 11 12 13 14 15 |
---------------+----------------------------------------------+-----
Fighting       | 11 14 17 18 | 18.6
Axes           | 3 6 10 12 | 12.1
Throwing       | 9 11 13 14 | 14.9
Dodging        | 15 18 21 22 | 22.6
Unarmed Combat | 17 21 24 26 | 26.2
Armour         | 2 |  2.0

Action                   |  1- 3 |  4- 6 |  7- 9 | 10-12 | 13-15 | 16-18 || total
-------------------------+-------+-------+-------+-------+-------+-------++-------
Melee: Executioner's axe |     1 |       |       |     1 |     3 |       ||     5
Dodge: Dodged            |       |       |       |     1 |       |       ||     1
